AoeStats
← 111111

African Clearing

510700813Analyzed
4v4 RM · 9h ago on Oct 2, 2026· 45m 54s· 8 players
Game mode
Random Map
Map size
Large (8 player)
Population
200
Speed
Normal
Resources
Standard
Victory
Conquest
Starting age
Dark Age
Ending age
Imperial Age
RankedLock teamsTeams togetherTeam positionsShared explorationLock speedFull tech treeHidden civsTurbo modeCheats
Victory
Defeat
🇺🇸 Vietnamese · United States
1295
+16
🇦🇷 Huns · Argentina
1277
+17
🇹🇼 Varangians · Taiwan
1276
+17
🇫🇮 Mapuche · Finland
1272
+17
🇩🇪 Khmer · Germany
1351
-18
🇨🇳 Poles · China
1340
-18
🇸🇪 Mongols · Sweden
1275
-16
🇨🇳 Maya · China
1245
-15
x007 | SirMax
8:52 Loom
14:42 Feudal Age
18:13 Castle Age
17:09 Double-Bit Axe
17:40 Scale Mail Armor
19:12 Bow Saw
20:03 Forging
21:26 Wheelbarrow
22:32 Gold Mining
25:24 Horse Collar
29:50 Stone Mining
35:42 Stone Shaft Mining
35:42 Heavy Plow
36:33 Town Watch
37:10 Fletching
37:46 Bodkin Arrow
37:52 Padded Archer Armor
39:42 Ballistics
40:26 Hand Cart
41:37 Chatras
41:53 Masonry
46:51 Imperial Age
44:22 Town Patrol
46:15 Bloodlines
46:15 Scale Barding Armor
46:46 Iron Casting
111111
4:06 Loom
11:48 Feudal Age
12:49 Double-Bit Axe
13:27 Town Watch
14:37 Fletching
14:55 Padded Archer Armor
23:36 Castle Age
22:32 Scale Barding Armor
22:49 Gold Mining
23:24 Bloodlines
28:49 Wheelbarrow
32:28 Husbandry
38:34 Hand Cart
38:26 Horse Collar
39:08 Heavy Plow
39:29 Forging
44:25 Iron Casting
45:55 Chain Barding Armor
SirBro
5:46 Loom
14:23 Feudal Age
15:00 Double-Bit Axe
14:55 Horse Collar
17:03 Fletching
19:26 Scale Mail Armor
19:39 Forging
22:54 Castle Age
23:06 Elite Skirmisher
23:43 Bodkin Arrow
34:03 Padded Archer Armor
35:05 Leather Archer Armor
38:56 Ballistics
43:52 Wheelbarrow
48:58 Imperial Age
KAWAE
12:49 Feudal Age
16:32 Castle Age
14:48 Scale Mail Armor
14:50 Double-Bit Axe
15:44 Forging
17:31 Chain Mail Armor
17:05 Gambesons
17:13 Loom
17:32 Squires
23:14 Gold Mining
23:47 Horse Collar
26:43 Arson
28:43 Wheelbarrow
28:56 Iron Casting
28:12 Fletching
34:12 Stone Mining
35:27 Hand Cart
38:59 Imperial Age
37:00 Heavy Plow
37:42 Town Watch
40:00 Stone Shaft Mining
40:38 Plate Mail Armor
41:09 Blast Furnace
41:12 Scale Barding Armor
41:28 Conscription
41:04 Vendel Legacy
42:24 Elite Jarl
43:15 Gothikon
44:20 Chain Barding Armor
45:07 Bow Saw
44:22 Elite Varangian Guard
45:45 Crop Rotation
Krabbel
4:08 Loom
13:06 Feudal Age
13:50 Feudal Age
16:38 Castle Age
17:39 Double-Bit Axe
28:23 Fletching
31:14 Town Watch
36:55 Imperial Age
34:18 Gold Mining
37:50 Bodkin Arrow
38:41 Conscription
39:04 Wheelbarrow
38:55 Bracer
41:09 Cavalier
42:00 Bloodlines
41:50 Husbandry
42:27 Scale Barding Armor
44:07 Chain Barding Armor
Eiiisckhan
12:34 Feudal Age
11:20 Loom
18:09 Castle Age
17:10 Double-Bit Axe
27:56 Fletching
37:06 Scale Mail Armor
37:17 Forging
40:16 Wheelbarrow
43:09 Chain Mail Armor
43:29 Iron Casting
47:41 Imperial Age
tugou
8:12 Loom
12:47 Feudal Age
17:24 Castle Age
16:54 Double-Bit Axe
21:31 Town Watch
24:41 Fletching
27:19 Bow Saw
30:11 Bodkin Arrow
32:43 Horse Collar
34:31 Wheelbarrow
36:18 Gold Mining
38:47 Hand Cart
39:06 Stone Mining
ikaros
5:20 Loom
14:44 Feudal Age
17:05 Double-Bit Axe
23:47 Castle Age
25:57 Fletching
33:31 Bodkin Arrow
34:13 Horse Collar
35:02 Bloodlines
35:35 Husbandry
35:45 Padded Archer Armor
36:53 Leather Archer Armor
36:42 Gold Mining
38:27 Ballistics
38:45 Wheelbarrow
39:45 Thumb Ring
46:57 Imperial Age
Connection lost

Rejoining the realm…

Still unreachable

The connection could not be restored.

Session expired

The server has moved on; the page needs a fresh start.